 Dungeon Crawl Stone Soup version 0.27.1-2-g3b301248ec (webtiles) character file.

Game seed: 16646308970054104380

2006 Qrupt the Magician (level 9, -3/71 HPs)
             Began as a Palentonga Hedge Wizard on Sept 14, 2021.
             Slain by Edmund (10 damage)
             ... on level 6 of the Dungeon on Sept 22, 2021.
             The game lasted 00:22:07 (8304 turns).

Qrupt the Magician (Palentonga Hedge Wizard)        Turns: 8304, Time: 00:22:08

Health: -3/71      AC: 14    Str: 13    XL:     9   Next: 2%
Magic:  14/17      EV: 10    Int: 17    God:
Gold:   230        SH:  0    Dex: 13    Spells: 10/18 levels left

rFire    . . .     SeeInvis +   l - +0 flail (drain)
rCold    . . .     Faith    .   (no shield)
rNeg     . . .     Spirit   .   r - +1 robe "Poinguuk" {Rampage rElec rPois Dex+2}
rPois    +         Reflect  .   c - +0 hat
rElec    +         Harm     .   g - +1 cloak
rCorr    +         Rampage  +   (no gloves)
Will     .....                  (no barding)
Stlth    ++........             (no amulet)
HPRegen  0.21/turn              i - ring of resist corrosion
MPRegen  0.15/turn              (no ring)

@: curled up
A: large, rugged brown scales 3, see invisible, deformed body, roll 1, armoured
tail, reflexive curl
a: Rolling Charge


You were on level 6 of the Dungeon.
You visited 1 branch of the dungeon, and saw 6 of its levels.

You collected 300 gold pieces.
You spent 70 gold pieces at shops.

Inventory:

Hand Weapons
 a - a +0 dagger
 l - a +0 flail of draining (weapon)
Missiles
 u - 8 silver javelins
Armour
 b - a +0 robe
 c - a +0 hat (worn)
 g - a +1 cloak (worn)
 n - a +0 buckler
 r - the +1 robe "Poinguuk" (worn) {Rampage rElec rPois Dex+2}
   (You found it on level 4 of the Dungeon)

   Dex:       It affects your dexterity (+2).
   rElec:     It insulates you from electricity.
   rPois:     It protects you from poison.
   Rampage:   It bestows one free step when moving towards enemies.
Jewellery
 i - a ring of resist corrosion (left hand)
Wands
 p - a wand of paralysis (1)
Scrolls
 e - a scroll of fog {unknown}
 j - a scroll of immolation {unknown}
 k - a scroll of noise {unknown}
 o - a scroll of enchant weapon {unknown}
 q - 2 scrolls of magic mapping {unknown}
 v - a scroll of torment {unknown}
 w - a scroll of brand weapon {unknown}
 x - 4 scrolls of identify {unknown}
 y - a scroll of blinking {unknown}
 z - a scroll of holy word {unknown}
Potions
 d - a potion of lignification {unknown}
 f - a potion of degeneration {unknown}
 h - a potion of flight {unknown}
 m - a potion of brilliance {unknown}
 s - a potion of curing {unknown}
 t - a potion of haste {unknown}


   Skills:
 + Level 4.9 Fighting
 - Level 1.5 Dodging
 - Level 1.2 Stealth
 + Level 3.0 Shields
 + Level 5.4 Spellcasting
 + Level 4.7 Conjurations
 - Level 2.3 Summonings
 - Level 1.3 Translocations
 + Level 3.1 Air Magic
 + Level 3.2 Poison Magic


You had 10 spell levels left.
You knew the following spells:

 Your Spells              Type           Power      Damage    Failure   Level
a - Magic Dart            Conj           80%        1d7       1%          1
b - Call Imp              Summ           12%        N/A       8%          2
c - Blink                 Tloc           N/A        N/A       12%         2
d - Mephitic Cloud        Conj/Pois/Air  17%        N/A       9%          3

Your spell library contained the following spells:

 Spells                   Type           Power      Damage    Failure   Level
 Summon Small Mammal      Summ           48%        N/A       4%          1
 Apportation              Tloc           18%        N/A       8%          1
 Animate Skeleton         Necr           8%         N/A       14%         1
 Corona                   Hex            4%         N/A       14%         1
 Conjure Flame            Conj/Fire      12%        6-21      16%         3
 Slow                     Hex            4%         N/A       21%         2


Dungeon Overview and Level Annotations

Branches:
Dungeon (6/15)
 Temple: D:4-7

Altars:
Beogh

Shops:
D:2 *   D:6 [

Annotations:
D:5 1 runed translucent door, larifari's ghost, novice PaGl
D:6 Edmund


Innate Abilities, Weirdness & Mutations

You are completely covered in rugged brown scales. (AC +3, +7% HP)
You have supernaturally acute eyesight. (SInv)
Armour fits poorly on your strangely shaped body.
You can roll at nearby foes to attack.
You have a long armoured tail.
You curl defensively after being hit.


Message History

Edmund is lightly wounded.
Edmund closely misses you.
You hit Edmund but do no damage. You drain Edmund.
Edmund is moderately wounded.
Edmund hits you with a +7 dire flail of protection!
Edmund hits you but does no damage.
You completely miss Edmund.
Edmund is moderately wounded.
Edmund closely misses you.
You barely miss Edmund.
Edmund is moderately wounded.
Edmund completely misses you.
You hit Edmund but do no damage.
Your tail-slap misses Edmund.
Edmund is moderately wounded.
Edmund hits you with a +7 dire flail of protection!
Edmund hits you with a +7 dire flail of protection.
You are too injured to fight recklessly!
You barely miss Edmund. You tail-slap Edmund, but do no damage.
Edmund is moderately wounded.
Edmund says, "I might not be good at magic, but I can still kill you!"
Edmund hits you with a +7 dire flail of protection!
You hit Edmund but do no damage. You drain Edmund.
Edmund is moderately wounded.
Edmund hits you but does no damage. Edmund closely misses you.
You barely miss Edmund.
Edmund is moderately wounded.
Edmund closely misses you.
You sock Edmund! You drain Edmund.
Edmund is severely wounded.
Edmund hits you with a +7 dire flail of protection.
You hit Edmund but do no damage. You drain Edmund.
Edmund is severely wounded.
Edmund hits you with a +7 dire flail of protection.
* * * LOW HITPOINT WARNING * * *
Edmund hits you with a +7 dire flail of protection!
* * * LOW HITPOINT WARNING * * *
You closely miss Edmund.
Edmund is severely wounded.
Edmund hits you with a +7 dire flail of protection!
You die...

######.......##
#...#......##
#.∩.#.....###
#...#.......##
#.>.#........####
#...#...........#
######...........#
#...............##
##.@............##
#.@..............#
#.##.............#
#. ##............#
.# ##...........#
.. ##..........#
... ##...#.....#
... ##.##...#.#
.... ####...#.#


You could see Edmund (drained).

Vanquished Creatures
  Pikel (D:5)
  Prince Ribbit (D:6)
  An ice beast (D:4)
  A hornet zombie (D:5)
  Purgy (D:4)
  A sky beast (D:6)
  A black bear (D:4)
  2 necrophages
  A lemure (D:4)
  A scorpion (D:5)
  A water moccasin skeleton (D:5)
  A howler monkey (D:5)
  2 orc priests (D:3)
  A jelly (D:5)
  A centaur skeleton (D:4)
  5 iguanas
  Natasha (twice) (D:4)
  2 orc wizards (D:3)
  2 hound skeletons (D:5)
  A howler monkey skeleton (D:5)
  10 gnolls
  6 adders
  A shadow imp (D:5)
  A white imp (D:5)
  3 worms
  3 dart slugs
  5 orcs
  5 ball pythons
  2 bats
  8 endoplasms
  4 giant cockroaches
  7 goblins
  4 hobgoblins
  5 kobolds
  A frilled lizard (D:2)
  4 rats
98 creatures vanquished.

Vanquished Creatures (collateral kills)
  A jelly (D:4)
  A hound (D:4)
  An iguana (D:4)
  Natasha (D:4)
4 creatures vanquished.

Grand Total: 102 creatures vanquished

Notes
Turn   | Place    | Note
-------+----------+-------------------------------------------
     0 | D:1      | Qrupt the Palentonga Hedge Wizard began the quest for the
                  | Orb.
     0 | D:1      | Reached XP level 1. HP: 13/13 MP: 4/4
   191 | D:1      | Reached skill level 1 in Conjurations
   332 | D:1      | Reached skill level 1 in Summonings
   512 | D:1      | Reached XP level 2. HP: 21/21 MP: 3/6
  1482 | D:2      | Reached skill level 1 in Fighting
  1482 | D:2      | Reached XP level 3. HP: 26/27 MP: 2/7
  1659 | D:2      | Noticed a necrophage
  1665 | D:2      | Found Wutsuc's General Store.
  1768 | D:1      | Killed a necrophage
  1769 | D:1      | Reached XP level 4. HP: 5/35 MP: 0/9
  2192 | D:2      | Bought a potion of heal wounds for 70 gold pieces
  2556 | D:2      | Reached XP level 5. HP: 40/40 MP: 2/10
  3011 | D:3      | You fall into a shaft and drop 2 floors!
  3011 | D:5      | Entered Level 5 of the Dungeon
  3011 | D:5      | Noticed a necrophage
  3024 | D:5      | Killed a necrophage
  3025 | D:5      | Reached skill level 4 in Spellcasting
  3167 | D:5      | Found a runed translucent door.
  3173 | D:5      | Learned a level 2 spell: Call Imp
  3176 | D:5      | Learned a level 2 spell: Blink
  3180 | D:5      | Learned a level 3 spell: Mephitic Cloud
  3183 | D:5      | Noticed larifari's ghost (novice PaGl)
  3469 | D:5      | Reached XP level 6. HP: 39/49 MP: 6/12
  3729 | D:3      | You fall into a shaft and drop 1 floor!
  3958 | D:3      | Reached skill level 1 in Air Magic
  4260 | D:4      | Noticed Purgy
  4273 | D:4      | Killed Purgy
  4274 | D:4      | Reached skill level 1 in Poison Magic
  4274 | D:4      | Gained mutation: You curl defensively after being hit.
                  | [Palentonga growth]
  4274 | D:4      | Reached XP level 7. HP: 47/55 MP: 7/13
  4286 | D:4      | Reached skill level 1 in Shields
  4442 | D:4      | Identified the +1 robe "Poinguuk" {Rampage rElec rPois
                  | Dex+2}
  5207 | D:4      | Noticed Natasha
  5222 | D:4      | Killed Natasha
  5530 | D:4      | Noticed Natasha
  5538 | D:4      | Killed Natasha
  5654 | D:4      | Noticed Natasha
  5663 | D:4      | Killed Natasha
  5804 | D:5      | Noticed Pikel
  5836 | D:4      | Reached XP level 8. HP: 33/64 MP: 4/15
  6193 | D:5      | Upgraded the game from 0.27.1-1-g398f81649c to
                  | 0.27.1-2-g3b301248ec
  6200 | D:5      | HP: 2/64 [hornet zombie (11)]
  6597 | D:5      | HP: 2/64 [gnoll (8)]
  6601 | D:5      | Killed Pikel
  6602 | D:5      | Reached skill level 5 in Spellcasting
  8104 | D:6      | Noticed Prince Ribbit
  8116 | D:6      | Killed Prince Ribbit
  8117 | D:6      | Reached XP level 9. HP: 71/71 MP: 15/17
  8208 | D:6      | Found Moqirojo's Armour Shoppe.
  8283 | D:6      | Noticed Edmund
  8304 | D:6      | Slain by Edmund

Illustrated notes

Levels and vault maps discovered:
D:1:      evilmike_arrival_crescent, layout_basic, interstate_on_off,
          dk_noncrumbling_2, item_on_display_a
D:2:      layout_basic, serial_shops, nicolae_diamond_shop
D:3:      layout_rooms, kennysheep_orc_chapel
D:4:      cheibrodos_helix_gallery, layout_loops_ring, uniq_purgy, uniq_natasha
D:5:      layout_layer_cave, hellmonk_ghost_happy_afterlife, uniq_pikel
D:6:      layout_cave_pods, temple_statues, serial_shops,
          nicolae_take_the_stairs, uniq_prince_ribbit1, uniq_sigmund,
          uniq_edmund

Skill      XL: |  1  2  3  4  5  6  7  8 |
---------------+-------------------------+-----
Conjurations   | 1 2 3 4 |  4.7
Summonings     | 1 2 |  2.3
Fighting       | 1 2 3 4 |  4.9
Spellcasting   | 4 5 |  5.4
Air Magic      | 1 2 3 |  3.1
Poison Magic   | 1 2 3 |  3.2
Shields        | 1 3 |  3.0
Dodging        | |  1.5
Stealth        | |  1.2
Translocations | |  1.3

Action                   |  1- 3 |  4- 6 |  7- 9 || total
-------------------------+-------+-------+-------++-------
Melee: Dagger            |    26 |     6 |       ||    32
       Tailslap          |     3 |     9 |    18 ||    30
       Flail             |       |    51 |   172 ||   223
 Cast: Magic Dart        |    57 |   118 |   126 ||   301
       Mephitic Cloud    |       |     3 |     3 ||     6
       Call Imp          |       |       |    20 ||    20
       Blink             |       |       |     2 ||     2
 Abil: Rolling Charge    |     2 |       |     3 ||     5
Evoke: Wand              |       |       |     7 ||     7
  Use: Scroll            |     1 |       |       ||     1
       Potion            |       |       |     2 ||     2
 Stab: Sleeping          |     1 |       |     2 ||     3
       Confused          |       |     4 |       ||     4
       Distracted        |       |       |     1 ||     1
       Paralysed         |       |       |    13 ||    13
Armor: Robe              |    10 |    36 |    95 ||   141
Dodge: Dodged            |    14 |    29 |   138 ||   181
